 Dungeon Crawl Stone Soup version 0.26-a0-597-gb535b0901c (webtiles) character file.

Game seed: 8155780673573378919

8636 Fingolfin the Protected (level 11, -8/103 HPs)
             Began as a Deep Dwarf Monk on Sept 7, 2020.
             Was a High Priest of Makhleb.
             Mangled by Gastronok (22 damage)
             ... on level 1 of the Lair of Beasts.
             The game lasted 00:28:26 (7991 turns).

Fingolfin the Protected (Deep Dwarf Monk)           Turns: 7991, Time: 00:28:27

Health: -8/103     AC: 17    Str: 18    XL:     11   Next: 12%
Magic:  11/11      EV:  8    Int: 11    God:    Makhleb [*****.]
Gold:   651        SH:  9    Dex: 15    Spells: 10/10 levels left

rFire    + . .     SeeInvis +   Z - +2 war axe (freeze)
rCold    + . .     Faith    +   E - +0 kite shield
rNeg     . . .     Spirit   .   y - +0 chain mail
rPois    +         Reflect  .   m - +0 helmet
rElec    +         Harm     .   t - +0 cloak {MR+}
rCorr    .                      U - +0 pair of gloves
MR       ++...                  d - +0 pair of boots
Stlth    ..........             G - amulet of faith
HPRegen  0.00/turn              o - ring of poison resistance
MPRegen  0.12/turn              M - ring "Isuump" {rElec rF+ rC+ SInv}

@: non-regenerating
A: damage resistance, heal wounds, sense surroundings 2, no regeneration
a: Heal Wounds, Minor Destruction, Lesser Servant of Makhleb, Major Destruction,
Greater Servant of Makhleb, Renounce Religion


You were on level 1 of the Lair of Beasts.
You worshipped Makhleb.
Makhleb was extremely pleased with you.
You visited 3 branches of the dungeon, and saw 11 of its levels.
You also visited: Bailey.

You collected 1223 gold pieces.
You spent 572 gold pieces at shops.

Inventory:

Hand Weapons
 b - a +0 fustibalus of freezing
 f - a +0 battleaxe
 Z - a +2 war axe of freezing (weapon)
Missiles
 e - 48 poisoned darts (quivered)
 h - 223 stones
 B - 8 javelins
 D - 6 boomerangs
 F - 124 sling bullets
 I - 10 atropa-tipped darts
 J - 7 throwing nets
Armour
 d - a +0 pair of boots (worn)
 m - a +0 helmet (worn)
 t - a +0 cloak of magic resistance (worn)
 y - a +0 chain mail (worn)
 z - a +0 tower shield
 E - a +0 kite shield (worn)
 U - a +0 pair of gloves (worn)
Jewellery
 o - a ring of poison resistance (left hand)
 G - an amulet of faith (around neck)
 M - the ring "Isuump" (right hand) {rElec rF+ rC+ SInv}
   (You found it in a bailey)

   [ring of protection from cold]

   It protects you from fire.
   It protects you from cold.
   It insulates you from electricity.
   It lets you see invisible.
 N - an uncursed ring of ice
 S - an uncursed ring of wizardry
Wands
 q - a wand of disintegration (14)
 O - a wand of digging (8)
 R - a wand of iceblast (16)
Scrolls
 a - a scroll of enchant armour {unknown}
 i - a scroll of identify
 j - 2 scrolls of immolation
 l - 4 scrolls of teleportation
 p - 2 scrolls of amnesia
 r - 2 scrolls of fog
 v - 9 scrolls of fear
 C - 2 scrolls of magic mapping {unknown}
 K - a scroll of enchant weapon {unknown}
 L - 2 scrolls of remove curse
 T - a scroll of torment {unknown}
 W - a scroll of vulnerability {unknown}
Potions
 c - a potion of berserk rage {unknown}
 g - 7 potions of curing
 k - 2 potions of haste
 n - 2 potions of mutation {unknown}
 s - a potion of degeneration {unknown}
 u - 3 potions of flight {unknown}
 w - 6 potions of heal wounds
 A - 2 potions of might {unknown}
 H - 2 potions of brilliance {unknown}
 V - a potion of magic {unknown}
Miscellaneous
 Q - a condenser vane (2/2)


   Skills:
 - Level 8.0 Fighting
 - Level 3.2(4.3) Axes
   Level 3.4(4.0) Polearms
 + Level 6.8 Slings
 - Level 10.0 Armour
 + Level 5.3 Dodging
 - Level 4.0 Stealth
 - Level 4.0 Shields
 - Level 8.0 Invocations
 + Level 5.8 Evocations


You had 10 spell levels left.
You didn't know any spells.
Your spell library contained the following spells:

 Spells                   Type           Power        Failure   Level
 Animate Skeleton         Necr           #.....       100%        1
 Pain                     Necr           #...         100%        1
 Vampiric Draining        Necr           #.........   100%        3
 Animate Dead             Necr           #.........   100%        4
 Agony                    Necr           #.......     100%        5


Dungeon Overview and Level Annotations

Branches:
Dungeon (9/15)             Temple (1/1) D:5            Lair (1/6) D:8
 Bailey (visited)
    Orc: D:9-12

Altars:
Ashenzari
Cheibriados
Dithmenos
Elyvilon
Fedhas
Gozag
Hepliaklqana
Kikubaaqudgha
Makhleb
Nemelex Xobeh
Okawaru
Qazlal
Ru
Sif Muna
Trog
Uskayaw
Vehumet
Wu Jian
Xom
Yredelemnul
Zin
The Shining One

Shops:
D:7 [=}

Annotations:
D:6 1 runed translucent door
Lair:1 Gastronok


Innate Abilities, Weirdness & Mutations

You are resistant to damage.
You can heal yourself by infusing magical energy.
You passively map the area around you.
You do not regenerate.


Message History

Gastronok casts a spell.
Your skin takes on a slight green cast.
You slash Gastronok! You freeze Gastronok.
Gastronok is heavily wounded.
You hit Gastronok but do no damage.
Gastronok is heavily wounded.
You block Gastronok's attack.
You hit Gastronok. You freeze Gastronok.
Gastronok is heavily wounded.
Gastronok bites you!!
You are too injured to fight recklessly!
You are too injured to fight recklessly!
You hit Gastronok but do no damage.
Gastronok is heavily wounded.
You slash Gastronok! You freeze Gastronok.
Gastronok is heavily wounded.
Gastronok bites you!!
* * * LOW HITPOINT WARNING * * *
You fail to use your ability.
Gastronok bites you!!
You die...

#.....###...#^. *
##........#.... * *
#..#...#.#.... ,
##../......#.. **,.*
###......###### ..#*##
#...#....###.##
#...#.#
##......#......# *
#...w##........#...#..
*,
#..@....#........#.. *
#.###........#...... #
##.#P.>.##P.#...
####...###..... #...#
#.###. #....##.# ##
...#P * # ,* , ,


You could see Gastronok.

Vanquished Creatures
  A hydra (Lair:1)
  The ghost of Lanoc the Skirmisher, a novice MiDe of Zin (D:6)
  A black mamba (Lair:1)
  A cane toad (Lair:1)
  A komodo dragon (Lair:1)
  2 hippogriffs
  6 yaks (Lair:1)
  A wyvern (D:8)
  Eustachio (D:4)
  3 porcupines (Lair:1)
  4 water moccasins
  A sky beast (D:8)
  3 orc warriors
  A black bear (D:7)
  2 phantoms
  2 ogres
  2 crocodiles (Lair:1)
  2 big kobolds
  10 bullfrogs
  A wyvern zombie (D:6)
  9 gnoll sergeants
  A scorpion (D:6)
  A water moccasin skeleton (D:5)
  5 killer bees (D:8)
  4 wights (D:6)
  3 howler monkeys
  An electric eel (D:6)
  A bullfrog zombie (D:8)
  2 quasits (D:8)
  6 hounds
  A bullfrog skeleton (D:6)
  A jelly (D:5)
  3 centaur skeletons
  2 orc priests
  Crazy Yiuf (D:2)
  6 gnoll shamans (Bailey)
  3 worker ants
  An iguana (D:8)
  7 orc wizards
  The ghost of p0werm0de the Sneak, a weakling MiDe (D:5)
  A hound skeleton (D:8)
  A worker ant zombie (D:8)
  A howler monkey skeleton (D:7)
  9 adders
  18 gnolls
  A shadow imp (D:5)
  A white imp (D:6)
  2 ufetubi (D:6)
  An adder skeleton (D:4)
  4 adder zombies
  A worm (D:3)
  2 dart slugs
  2 leopard geckos
  26 orcs
  4 giant cockroaches
  6 goblins
  12 hobgoblins
  14 jackals
  5 quokkas
  6 bats
  4 frilled lizards
  16 kobolds
  A leopard gecko skeleton (D:2)
  5 rats
248 creatures vanquished.

Vanquished Creatures (others)
  An orc (D:6)
  5 fungi
  2 plants (Lair:1)
8 creatures vanquished.

Grand Total: 256 creatures vanquished

Notes
Turn   | Place    | Note
-------+----------+-------------------------------------------
     0 | D:1      | Fingolfin the Deep Dwarf Monk began the quest for the Orb.
     0 | D:1      | Reached XP level 1. HP: 20/20 MP: 1/1
   211 | D:1      | Reached XP level 2. HP: 25/28 MP: 2/2
   918 | D:2      | Reached XP level 3. HP: 31/36 MP: 3/3
   998 | D:2      | Reached XP level 4. HP: 35/45 MP: 3/3
  1192 | D:2      | Reached skill level 5 in Fighting
  1419 | D:2      | Reached XP level 5. HP: 40/52 MP: 4/4
  1606 | D:2      | Found a runed translucent door.
  1607 | D:2      | Noticed Crazy Yiuf
  1616 | D:2      | Killed Crazy Yiuf
  1749 | D:3      | Noticed a phantom
  1781 | D:3      | Killed a phantom
  1810 | D:3      | Reached skill level 1 in Armour
  1810 | D:3      | Reached XP level 6. HP: 46/62 MP: 5/5
  1958 | D:3      | Found a basalt altar of Yredelemnul.
  2364 | D:4      | You fall into a shaft and drop 2 floors!
  2367 | D:6      | Reached skill level 2 in Armour
  2380 | D:5      | Entered Level 5 of the Dungeon
  2402 | D:5      | Reached skill level 3 in Armour
  2552 | D:5      | Found a staircase to the Ecumenical Temple.
  2561 | Temple   | Entered the Ecumenical Temple
  2632 | Temple   | Became a worshipper of Makhleb the Destroyer
  2632 | Temple   | Reached * piety under Makhleb
  2632 | Temple   | Reached ** piety under Makhleb
  2797 | D:5      | Found a runed translucent door.
  2886 | D:4      | Noticed Eustachio
  2941 | D:4      | Killed Eustachio
  2941 | D:4      | Reached skill level 4 in Armour
  2941 | D:4      | Reached XP level 7. HP: 32/69 MP: 6/6
  3016 | D:4      | Reached skill level 5 in Armour
  3157 | D:4      | Found a sacrificial altar of Ru.
  3863 | D:5      | Noticed p0werm0de's ghost (weakling MiDe)
  3877 | D:5      | Killed p0werm0de's ghost
  3906 | D:6      | Reached skill level 6 in Armour
  3906 | D:6      | Reached skill level 1 in Shields
  3906 | D:6      | Reached skill level 1 in Invocations
  4036 | D:6      | Found a bloodstained altar of Trog.
  4081 | D:6      | Reached XP level 8. HP: 63/76 MP: 8/8
  4095 | D:6      | Found a runed translucent door.
  4135 | D:6      | Noticed Lanoc's ghost (novice MiDe)
  4182 | D:6      | Killed Lanoc's ghost
  4197 | D:6      | Found a runed translucent door.
  4268 | D:6      | Reached *** piety under Makhleb
  4469 | D:6      | Reached skill level 1 in Polearms
  4514 | D:6      | Gained mutation: You passively map the area around you.
                  | [Deep Dwarf growth]
  4514 | D:6      | Reached XP level 9. HP: 35/85 MP: 12/12
  4939 | D:7      | Found a flagged portal.
  4992 | Bailey   | Entered a bailey
  5054 | Bailey   | Reached **** piety under Makhleb
  5055 | Bailey   | Reached skill level 1 in Evocations
  5215 | Bailey   | Got a coiled glass ring
  5217 | Bailey   | Identified the ring "Isuump" {rElec rF+ rC+ SInv} (You
                  | found it in a bailey)
  5818 | D:7      | Reached skill level 7 in Armour
  6123 | D:7      | Found Fyok's Jewellery Shoppe.
  6165 | D:7      | Found Epnixok's Gadget Shoppe.
  6169 | D:7      | Bought a condenser vane (2/2) for 260 gold pieces
  6169 | D:7      | Bought a wand of iceblast (8) for 156 gold pieces
  6169 | D:7      | Bought a wand of iceblast (8) for 156 gold pieces
  6232 | D:7      | Found a snail-covered altar of Cheibriados.
  6238 | D:7      | Reached XP level 10. HP: 81/96 MP: 13/13
  6410 | D:7      | Found Cagry's Antique Armour Shop.
  6471 | D:8      | Reached skill level 8 in Armour
  6581 | D:8      | Reached ***** piety under Makhleb
  6765 | D:8      | Reached skill level 9 in Armour
  6961 | D:8      | Found a staircase to the Lair.
  7390 | D:9      | Noticed a two-headed ogre
  7391 | D:9      | Noticed a manticore
  7439 | D:9      | Reached skill level 10 in Armour
  7459 | Lair:1   | Entered Level 1 of the Lair of Beasts
  7462 | Lair:1   | Reached skill level 1 in Slings
  7525 | Lair:1   | Reached skill level 5 in Slings
  7624 | Lair:1   | Noticed an eight-headed hydra
  7637 | Lair:1   | Killed an eight-headed hydra
  7637 | Lair:1   | Reached skill level 5 in Evocations
  7666 | Lair:1   | Noticed a cane toad
  7677 | Lair:1   | Killed a cane toad
  7677 | Lair:1   | Reached XP level 11. HP: 68/103 MP: 13/13
  7762 | Lair:1   | Reached skill level 5 in Dodging
  7977 | Lair:1   | Noticed Gastronok
  7991 | Lair:1   | Mangled by Gastronok

Illustrated notes

Levels and vault maps discovered:
D:1:      lightli_arrival_windingriver, layout_basic, palyth_stone_intersect
D:2:      layout_basic, uniq_crazy_yiuf_cottage
D:3:      minmay_evil_eye, layout_basic, yredelemnul_altar_generic,
          minmay_quantized
D:4:      layout_loops_ring, nicolae_ru_the_path_less_chosen,
          corexii_corridor_pit, serial_bayou_pond_c, uniq_eustachio
D:5:      layout_loops_corners, minmay_temple_entry_waves,
          ebering_ghost_reflecting_pool
D:6:      cheibrodos_helix_gallery, layout_rooms, overflow_temple_1_default,
          ebering_ghost_sewer_f
D:7:      layout_loops_ring, lemuel_round_altar, serial_shops,
          kennysheep_mini_moat, shop, nicolae_shop_crystal, enter_bailey_6
D:8:      kennysheep_six_static_rooms, layout_gridville, lair_entry_dummy
D:9:      cheibrodos_fzero, layout_rooms, minmay_tree_intersection
Temple:   regret_index_temple_mists
Lair:1:   layout_misc_corridors, uniq_gastronok

Skill      XL: |  1  2  3  4  5  6  7  8  9 10 11 |
---------------+----------------------------------+-----
Fighting       | 3 4 5 6 8 |  8.0
Armour         | 1 4 6 7 10 | 10.0
Dodging        | 4 5 |  5.3
Shields        | 2 4 |  4.0
Invocations    | 3 8 |  8.0
Polearms       | 1 3 |  3.4
Evocations     | 4 5 |  5.8
Stealth        | 4 |  4.0
Slings         | 6 |  6.8
Axes           | |  3.2

Action                   |  1- 3 |  4- 6 |  7- 9 | 10-12 || total
-------------------------+-------+-------+-------+-------++-------
Melee: Hand axe          |    99 |    15 |       |       ||   114
       Flail             |       |   168 |    68 |       ||   236
       Halberd           |       |       |   281 |   264 ||   545
       War axe           |       |       |       |    12 ||    12
 Fire: Fustibalus        |       |       |       |    17 ||    17
Throw: Dart              |       |    15 |    11 |       ||    26
 Abil: Heal Wounds       |     1 |     2 |    12 |     7 ||    22
  Use: Scroll            |       |     5 |     3 |     4 ||    12
 Stab: Sleeping          |     9 |    14 |     2 |       ||    25
       Distracted        |       |     1 |       |       ||     1
Armor: Leather armour    |    30 |    47 |    36 |       ||   113
       Robe              |     1 |       |       |       ||     1
       Chain mail        |       |       |   147 |   241 ||   388
Dodge: Dodged            |    64 |   137 |   210 |   198 ||   609
Block: Kite shield       |       |       |     4 |     1 ||     5

Table legend: (Time is in decaauts)
 A = Elapsed time spent in this place.
 B = Non-inter-level travel time spent in this place.
 C = Inter-level travel time spent in this place.
 D = Time resting spent in this place.
 E = Time spent auto-exploring this place.
 F = Levels seen in this place.
 G = Mean time per level.
                   A        B        C        D        E       F      G
               +--------+--------+--------+--------+--------+-----+--------+
         Total |   8329 |   7450 |    879 |    104 |   5120 |  12 |  694.1 |
       Dungeon |   7102 |   6265 |    837 |    104 |   4405 |   9 |  789.1 |
        Temple |    211 |    174 |     37 |      0 |    172 |   1 |  211.0 |
          Lair |    559 |    554 |      5 |      0 |    314 |   1 |  559.0 |
        Bailey |    455 |    455 |      0 |      0 |    229 |   1 |  455.0 |
               +--------+--------+--------+--------+--------+-----+--------+

Top non-repeatable levels by time:
     D:8: 1019 daAuts
     D:6: 1014 daAuts
     D:1: 956 daAuts
     D:2: 946 daAuts
     D:5: 864 daAuts
     D:4: 851 daAuts
     D:7: 743 daAuts
     D:3: 675 daAuts
  Lair:1: 559 daAuts
  Bailey: 455 daAuts
  Temple: 211 daAuts
     D:9: 31 daAuts
